Map: Bridgehead LE (Void)

Players

wabbajack

  • Race: Zerg Zerg
  • League: Bronze

rocksteady - Winner!

  • Race: Protoss Protoss
  • League: Bronze

VOD

Have the link to the VOD?

Description

Time

  • Played on: July 16, 2015, 6:34 p.m.
  • Length: 10:40
Show
View Real Time Build Order
Export as new Build Order

wabbajack Zerg 

Build Orders: Pool First 

Get SALT Encoding   

  12  0:01  Drone  
  13  0:13  Overlord  
  13  0:22  Drone  
  13  0:25  Extractor  
  13  0:26  Drone, Extractor  
  13  0:29  Drone  
  16  0:45  Spawning Pool  
  16  0:47  Drone  
  16  0:51  Drone  
  16  0:56  Extractor  
  16  1:01  Drone  
  17  1:31  Queen  
  19  1:35  Drone x3  
  19  1:36  Extractor  
  21  1:48  Zergling x2  
  22  2:02  Overlord  
  22  2:11  Metabolic Boost  
  22  2:29  Hatchery  
  21  2:32  Pneumatized Carapace  
  21  2:39  Baneling Nest, Drone x3  
  23  2:47  Zergling x4  
  23  2:49  Zergling x2  
  26  2:55  Zergling x2  
  26  2:59  Zergling x2  
  26  3:37  Baneling  
  26  3:38  Baneling  
  26  4:02  Drone  
  29  4:03  Drone x6  
  29  4:07  Lair  
  29  4:08  Queen  
  35  4:10  Overlord x2  
  35  4:11  Overlord  
  29  4:43  Zergling x2  
  29  4:44  Zergling x8  
  33  4:46  Spine Crawler  
  31  4:56  Spine Crawler  
  27  5:20  Roach Warren, Zergling x10  
  27  5:42  Drone x4  
  31  5:43  Drone  
  29  5:55  Baneling  
  29  5:56  Baneling x4  
  25  6:05  Zergling x4  
  25  6:06  Zergling x4  
  29  6:15  Queen  
  29  6:17  Drone  
  26  6:48  Roach  
  26  6:49  Roach x6  
  37  7:07  Drone  
  37  7:08  Drone x5  
  42  7:37  Drone x2  
  42  7:38  Drone x6  
  50  7:45  Zergling x4  
  50  7:48  Overlord  
  52  7:57  Hatchery  
  51  8:07  Drone x4, Extractor  
  51  8:08  Extractor  
  51  8:09  Drone x3  
  56  8:17  Hydralisk Den  
  56  8:19  Evolution Chamber  
  54  8:20  Zergling x4  
  56  8:32  Baneling x3  
  56  8:33  Baneling  
  54  8:50  Hydralisk x2  
  54  8:52  Overlord x3  
  54  8:53  Overlord x2  
  55  8:58  Drone x2  
  55  9:00  Drone  
  43  9:25  Hydralisk  
  43  9:26  Hydralisk x4  
  43  9:28  Zergling x2  
  43  9:29  Zergling x14  
  40  9:53  Hydralisk x2  
  40  9:55  Hydralisk  
  33  10:12  Hydralisk x2  
  34  10:15  Zergling x16  
Show
View Real Time Build Order
Export as new Build Order

rocksteady Protoss - Winner!

Build Orders:  

Get SALT Encoding   

  12  0:00  Probe  
  13  0:17  Pylon  
  13  0:20  Probe  
  14  0:36  Gateway  
  14  0:37  Probe (Chrono Boost)  
  15  0:47  Probe (Chrono Boost)  
  15  0:48  Assimilator  
  16  0:54  Probe  
  17  1:05  Pylon  
  17  1:06  Probe  
  18  1:14  Pylon  
  18  1:24  Cybernetics Core  
  18  1:33  Pylon  
  19  1:54  Gateway, Probe (Chrono Boost)  
  19  1:57  Assimilator  
  19  2:02  Adept  
  19  2:04  Probe (Chrono Boost), Warp Gate (Chrono Boost)  
  22  2:17  Probe (Chrono Boost)  
  22  2:21  Pylon  
  23  2:29  Mothership Core (Chrono Boost)  
  25  2:33  Adept  
  27  2:41  Forge  
  27  3:04  Nexus  
  28  3:12  Probe  
  28  3:14  Protoss Ground Weapons Level 1 (Chrono Boost)  
  28  3:45  Stargate  
  28  3:49  Pylon  
  19  4:17  Adept  
  19  4:19  Adept  
  19  4:20  Probe  
  19  4:21  Probe  
  25  4:33  Probe x2  
  27  4:45  Probe x2  
  29  4:57  Probe x2  
  31  5:01  Adept  
  31  5:02  Adept  
  35  5:23  Gateway x2  
  33  5:34  Zealot x2  
  35  5:56  Adept x2  
  35  5:59  Probe (Chrono Boost)  
  32  6:10  Probe (Chrono Boost)  
  33  6:17  Zealot x2  
  37  6:37  Void Ray  
  37  6:38  Probe (Chrono Boost)  
  38  6:48  Probe (Chrono Boost)  
  38  6:49  Stalker  
  37  7:04  Probe (Chrono Boost)  
  38  7:13  Probe (Chrono Boost)  
  38  7:15  Probe (Chrono Boost)  
  40  7:18  Zealot  
  38  7:38  Probe (Chrono Boost)  
  39  7:48  Probe (Chrono Boost)  
  39  7:49  Void Ray (Chrono Boost)  
  44  7:55  Probe  
  45  7:59  Pylon  
  45  8:18  Stalker x3  
  45  8:19  Sentry  
  53  8:28  Void Ray  
  57  8:37  Probe x2  
  57  8:49  Probe  
  57  8:51  Stalker  
  57  8:52  Stalker  
  60  9:06  Stalker x2  
  57  9:24  Pylon  
  57  9:59  Probe x2  
  55  10:08  Adept x2  
  55  10:09  Adept x2  
  55  10:11  Probe x2  
Tags
 
Add a new tag
Caveats
  • Supply blocks, unpowered buildings, or Contaminate may cause inaccurate times.
  • Supply counts are checked every 10 seconds.